 Dungeon Sprint DCSS version 0.30-a0-629-gd54f4be4f7 (webtiles) character file.

Game seed: 2650798705440215666

3 BigDaddyOpFi the Trooper (level 1, -2/20 HPs)
             Began as a Hill Orc Fighter on Jan 12, 2023.
             Succumbed to a scorpion's poison
             ... in the Dungeon (Sprint III: "The Ten Rune Challenge").
             The game lasted 00:00:27 (63 turns).

BigDaddyOpFi the Trooper (Hill Orc Fighter)           Turns: 63, Time: 00:00:28

Health: -2/20      AC:  7    Str: 18    XL:     1   Next: 50%
Magic:  1/1        EV:  9    Int:  8    God:
Gold:   15         SH:  4    Dex: 10    Spells: 0/0 levels left

rFire   . . .      SeeInvis .    a - +0 war axe
rCold   . . .      Faith    .    c - +0 buckler
rNeg    . . .      Spirit   .    b - +0 scale mail
rPois   .          Reflect  .    (no helmet)
rElec   .          Harm     .    (no cloak)
rCorr   .          Rampage  .    (no gloves)
Will    .....      NoTele   +    (no boots) Stlth
                                 (no amulet)
HPRegen 0.23/turn                (no ring)
MPRegen 0.07/turn                (no ring)

@: mighty, lethally poisoned (-2 -> -14), hasted, very quick
A: no striking features
a: no special abilities


You were in the Dungeon.
You visited 1 branch You collected 15 gold pieces.

Inventory:

Hand Weapons
 a - a +0 war axe (weapon)
Armour
 b - a +0 scale mail (worn)
 c - a +0 buckler (worn)
Scrolls
 j - a scroll of blinking
Potions
 h - 2 potions of magic
 i - a potion of berserk rage


   Skills:
 + Level 4.0 Fighting
 + Level 3.3 Axes
 + Level 3.7 Armour
 + Level 3.6 Shields


You couldn't memorise any spells.
You didn't know any spells.
Your spell library was empty.

Dungeon Overview and Level Annotations

Branches:
Dungeon (1/1)

Altars:


Message History

The scorpion poisons you! The human barely misses you.
The scorpion stings you but does no damage.
You block the human's attack.
You feel better. The scorpion misses you. The human hits you.
You feel very mighty all of a sudden. The scorpion stings you.
The human hits you!
* * * LOW HITPOINT WARNING * * *
You feel much better.
The scorpion stings you but does no damage.
The human hits you but does no damage. You block the scorpion's attack.
You closely miss the scorpion.
The scorpion is moderately wounded.
You miss the human. The scorpion barely misses you. The human hits you.
You slash the scorpion!
The scorpion is severely wounded.
You hit the human but do no damage. The scorpion stings you.
The human hits you but does no damage. You block the scorpion's attack.
You hit the scorpion but do no damage.
The scorpion is severely wounded.
You closely miss the human. The human completely misses you.
The scorpion stings you.
You are poisoned.
The scorpion poisons you! The human closely misses you.
You barely miss the scorpion.
The scorpion is severely wounded.
You barely miss the human.
You feel very sick. The scorpion stings you.
You are lethally poisoned!
The scorpion poisons you! The human misses you. The scorpion barely misses you.
You hit the scorpion.
The scorpion is almost dead.
You closely miss the human.
* * * LOW HITPOINT WARNING * * *
You feel very sick. The scorpion closely misses you. The human hits you.
* * * LOW HITPOINT WARNING * * *
You block the scorpion's attack.
You feel yourself speed up.
You die...

▓...#......##
▓..##.......# ..#
▓##.##.##...# ..#
##.##.###..# #..#
▓#.####.##..# ...+
▓.###..##..## #...#
▓#.....##..###....#
###†.##...##p....#
##..##....#.@s...#
#..###..##.#.....#
#[.# #.. ####....#
▓▓▓▓ ▓▓▓ ▓▓▓▓▓


You could see a human and a scorpion.

Vanquished Creatures
  An endoplasm (D)
  3 rats (D)
4 creatures vanquished.

Notes
Turn   | Place    | Note
-------+----------+-------------------------------------------
     0 | D        | BigDaddyOpFi the Hill Orc Fighter began the quest for the
                  | Orb.
     0 | D        | Reached XP level 1. HP: 19/19 MP: 1/1
    33 | D        | Reached skill level 4 in Fighting
    50 | D        | Noticed a scorpion
    62 | D        | HP: 1/20 [human (2)]
    63 | D        | Succumbed to a scorpion's poison

Illustrated notes

Levels and vault maps discovered:
D:        dungeon_sprint_mu [sprint_mu_entry_cave, sprint_mu_temple_rooms,
          sprint_mu_d1_spiders, sprint_mu_d2_genie, sprint_mu_d3_branching,
          sprint_mu_orc_legion, sprint_mu_elf_gauntlet, sprint_mu_hive_nellie,
          sprint_mu_lair_fedhas, sprint_mu_vaults_butterflies,
          sprint_mu_slime_circle, sprint_mu_swamp_cave, sprint_mu_snake_twists,
          sprint_mu_blade_basic, sprint_mu_crypt_fortress,
          sprint_mu_tomb_spiral, sprint_mu_vestibule_basic,
          sprint_mu_gehenna_hellfire, sprint_mu_dis_giant,
          sprint_mu_tartarus_statrot, sprint_mu_cocytus_islands, sprint_mu_zot1]

Skill      XL: |  1 |
---------------+----+-----
Axes           | 3 |  3.3
Fighting       | 4 |  4.0
Armour         | |  3.7
Shields        | |  3.6

Action                   || total
-------------------------++-------
Melee: War axe           ||    15
  Use: Potion            ||     4
Armor: Scale mail        ||     9
Dodge: Dodged            ||    12
Block: Buckler           ||     5

Table legend: (Time is in decaauts)
 A = Elapsed time spent in this place.
 B = Non-inter-level travel time spent in this place.
 C = Inter-level travel time spent in this place.
 D = Time resting spent in this place.
 E = Time spent auto-exploring this place.
 F = Levels seen in this place.
 G = Mean time per level.
                   A        B        C        D        E       F      G
               +--------+--------+--------+--------+--------+-----+--------+
         Total |     68 |     68 |      0 |      0 |     18 |   1 |   68.0 |
       Dungeon |     68 |     68 |      0 |      0 |     18 |   1 |   68.0 |
               +--------+--------+--------+--------+--------+-----+--------+

Top non-repeatable levels by time:
       D: 68 daAuts
